 Dungeon Crawl Stone Soup version 0.31-a0-237-g2d982f9f85 (webtiles) character file.

Game seed: 2198803316104136776

28630 Ijustatesigmund the Thaumaturge (level 13, -10/88 HPs)
             Began as an Octopode Venom Mage on July 10, 2023.
             Was an Elder of Vehumet.
             Mangled by a seven-headed hydra (11 damage)
             ... on level 2 of the Lair of Beasts on July 11, 2023.
             The game lasted 00:50:43 (17927 turns).

Ijustatesigmund the Thaumaturge (OpVM)             Turns: 17927, Time: 00:50:44

Health: -10/88     AC:  3    Str:  8    XL:     13   Next: 40%
Magic:  16/28      EV: 17    Int: 26    God:    Vehumet [****..]
Gold:   1720       SH: 12    Dex: 13    Spells: 14/34 levels left

rFire   . . .        g - +7 sling "Qeewnoy" {freeze, Int+3}
rCold   . . .        r - +3 kite shield of Honesty {Int+2}
rNeg    + . .        B - +2 hat
rPois   +            (no amulet)
rElec   +            p - +5 ring of evasion
rCorr   .            t - +4 ring of slaying
SInv    .            y - ring of the Meadowlark {Wiz rElec Stlth+}
Will    .....        q - ring of positive energy
Stlth   ++++         I - ring of poison resistance
HPRegen 0.34/turn    K - ring of wizardry
MPRegen 0.21/turn    (no ring)
                     (no ring)

%: wizardry (x2)
@: about to teleport
A: almost no armour, amphibious, 8 rings, camouflage 1, gelatinous body 1,
(nimble swimmer 1), tentacles
a: Renounce Religion


You were on level 2 of the Lair of Beasts.
You worshipped Vehumet.
Vehumet was greatly pleased with you.
You visited 3 branches of the dungeon, and saw 17 of its levels.
You also visited: Bailey.

You collected 1720 gold pieces.

Inventory:

Hand Weapons
 d - a +2 mace of protection
 g - the +7 sling "Qeewnoy" (weapon) {freeze, Int+3}
   (You found it on level 2 of the Dungeon)

   Int:       It affects your intelligence (+3).
 v - a +2 morningstar of holy wrath
Missiles
 s - a throwing net
Armour
 c - a +2 buckler
 r - the +3 kite shield of Honesty (worn) {Int+2}
   (You acquired it on level 1 of the Lair of Beasts)

   Int:       It affects your intelligence (+2).
 B - a +2 hat (worn)
Magical Staves
 G - a staff of poison
Jewellery
 p - a +5 ring of evasion (left tentacle)
 q - a ring of positive energy (on tentacle)
 t - a +4 ring of slaying (right tentacle)
 y - the ring of the Meadowlark (on tentacle) {Wiz rElec Stlth+}
   (You took it off an orc warrior in a bailey)

   [ring of wizardry]

   It improves your spell success rate.
   rElec:     It insulates you from electricity.
   Stlth:     It makes you more stealthy.
 I - a ring of poison resistance (on tentacle)
 J - a ring of ice
 K - a ring of wizardry (on tentacle)
Wands
 h - a wand of paralysis (3)
 m - a wand of polymorph (3)
 o - a wand of iceblast (16)
 w - a wand of flame (69)
 z - a wand of mindburst (1)
Scrolls
 e - 2 scrolls of teleportation
 f - 3 scrolls of fear
 u - 2 scrolls of immolation
 D - a scroll of brand weapon
Potions
 a - a potion of magic
 b - 7 potions of curing
 i - a potion of mutation
 j - a potion of haste
 k - 2 potions of might
 l - a potion of cancellation
 n - a potion of brilliance
 x - 4 potions of enlightenment
 F - a potion of lignification
 H - a potion of attraction {unknown}
Miscellaneous
 E - a phial of floods


   Skills:
 - Level 7.8 Fighting
 - Level 2.4 Ranged Weapons
 + Level 4.7 Dodging
 - Level 2.6 Stealth
 + Level 4.9 Shields
 + Level 11.4 Spellcasting
 - Level 5.8 Conjurations
 - Level 1.0 Transmutations
 + Level 5.8 Fire Magic
 - Level 7.6 Air Magic
 - Level 5.2 Earth Magic
 - Level 10.0 Poison Magic
 - Level 6.0 Evocations


You had 14 spell levels left.
You knew the following spells:

 Your Spells              Type           Power      Damage    Failure   Level
a - Sting                 Tmut/Pois      100%       1d8       1%          1
b - Poisonous Vapours     Pois/Air       100%       N/A       1%          2
c - Mephitic Cloud        Conj/Pois/Air  53%        N/A       1%          3
d - Olgreb's Toxic Radia  Pois           61%        N/A       1%          4
e - Stone Arrow           Conj/Erth      86%        3d12      1%          3
f - Passwall              Tmut/Erth      25%        N/A       2%          2
g - Fireball              Conj/Fire      22%        3d10      6%          5

Your spell library contained the following spells:

 Spells                   Type           Power      Damage    Failure   Level
 Sticky Flame             Conj/Fire      45%        2d6       2%          4
 Foxfire                  Conj/Fire      100%       2x1d9     1%          1
 Sandblast                Erth           82%        2d17      1%          1
 Shock                    Conj/Air       100%       1d9       1%          1
 Swiftness                Air            53%        N/A       1%          3
 Airstrike                Air            26%        2d(4-20)  1%          4
 Frozen Ramparts          Ice            28%        1d5       7%          3
 Lesser Beckoning         Tloc           28%        N/A       9%          2
 Gell's Gravitas          Tloc           14%        N/A       16%         3
 Teleport Other           Tloc           14%        N/A       16%         3
 Plasma Beam              Fire/Air       24%        2x1d36    19%         6
 Starburst                Conj/Fire      22%        6d8       26%         6
 Ice Form                 Ice/Tmut       17%        N/A       36%         4
 Summon Ice Beast         Ice/Summ       14%        N/A       43%         4
 Dispersal                Tloc           7%         N/A       99%         6
 Discord                  Hex            7%         N/A       100%        8
 Ignition                 Fire           22%        3d8       100%        8


Dungeon Overview and Level Annotations

Branches:
Dungeon (14/15)            Temple (1/1) D:4            Lair (2/5) D:9
    Orc (0/2) D:10         Bailey (visited)
  Swamp: Lair:2-3    Shoals: Lair:2-3     Snake: Lair:2-3    Spider: Lair:2-3
 Vaults: D:13-14

Altars:
Ashenzari
Cheibriados
Dithmenos
Elyvilon
Fedhas
Gozag
Hepliaklqana
Kikubaaqudgha
Makhleb
Nemelex Xobeh
Okawaru
Qazlal
Ru
Sif Muna
Trog
Uskayaw
Vehumet
Wu Jian
Xom
Yredelemnul
Zin
The Shining One

Shops:
D:10 :   D:13 (

Portals:
Trove: D:11 (give +6 demon trident)


Innate Abilities, Weirdness & Mutations

You cannot wear most types of armour.
You are amphibious.
You can wear up to eight rings at the same time.
Your skin changes colour to match your surroundings (Stealth+).
Your rubbery body absorbs attacks. (AC +1, EV +1)
((You are camouflaged when in or above water. (Stealth+)))
You have tentacles for arms and can constrict up to eight enemies at once.


Message History

The cane toad gives a loud, deep croak!
You hear a roar!
The polar bear bites you. You block the polar bear's attack.
The polar bear misses you. You block the polar bear's attack.
The polar bear claws you.
The polar bear claws you but does no damage.
Aiming: Mindburst
Press: ? - help, Shift-Dir - straight line, f - polar bear
Aim: a polar bear (almost dead, berserk, very poisoned, chance to affect: 84%)
The polar bear's mind is blasted!!
You blow up the polar bear!
Vehumet accepts your kill.
Unknown command.
As you read the scroll of teleportation, it crumbles to dust.
You feel strangely unstable.
A seven-headed hydra comes into view.
The seven-headed hydra bites you! The seven-headed hydra misses you.
The seven-headed hydra bites you!
* * * LOW HITPOINT WARNING * * *
You block the seven-headed hydra's attack.
The seven-headed hydra bites you!
* * * LOW HITPOINT WARNING * * *
The seven-headed hydra barely misses you.
The seven-headed hydra misses you.
You feel much better.
You block the seven-headed hydra's attack.
The seven-headed hydra bites you.
The seven-headed hydra barely misses you.
The seven-headed hydra bites you but does no damage.
The seven-headed hydra bites you!
You block the seven-headed hydra's attack.
The seven-headed hydra bites you.
* * * LOW HITPOINT WARNING * * *
The seven-headed hydra attacks as you move away!
The seven-headed hydra completely misses you.
The seven-headed hydra bites you!
* * * LOW HITPOINT WARNING * * *
The seven-headed hydra bites you.
* * * LOW HITPOINT WARNING * * *
The seven-headed hydra bites you!
You die...

#....................#.#
###...........##......#.# ...
##P............##.........
...#####....................P....
......##....................#....
...................##.......#....
..D................##............
[...................#............
#..............@..###...........
#.<.........†.D#.## #...<.....#.
..[..........Fw#### ###.#.##..#.
#...........#†## ##.#######
#..........†.# ### #
##.........†# # ##.........
#........ ...#...##


You could see a seven-headed hydra, a cane toad and a swamp worm (very
poisoned).

Vanquished Creatures
  Nessos (D:12)
  Fannar (Lair:2)
  A hydra (Lair:2)
  Erolcha (D:12)
  A catoblepas (D:13)
  A centaur warrior (D:14)
  2 two-headed ogres
  2 boulder beetles (D:12)
  Urug (D:14)
  A skeletal warrior (D:13)
  An orc knight (D:10)
  2 deep elf pyromancers
  3 ugly things
  3 cyclopes
  3 manticores
  Joseph (D:9)
  2 gargoyles
  Psyche (D:12)
  A cane toad (Lair:1)
  2 unseen horrors
  An efreet (D:13)
  3 hornets
  A polar bear (Lair:2)
  3 shadows
  15 yaks
  A vampire (D:9)
  3 wraiths
  4 wyverns
  12 humans (D:14)
  A basilisk (Lair:2)
  A steam dragon (D:10)
  8 vampire mosquitoes
  9 water moccasins
  An acid dragon (D:13)
  14 orc warriors
  2 sky beasts
  An ice beast (D:6)
  2 black bears
  Pargi (D:3)
  7 wolves (Lair:2)
  4 centaurs
  3 kobold brigands
  4 bullfrogs
  A gnoll sergeant (D:5)
  4 scorpions
  A wight (D:7)
  10 killer bees
  3 electric eels (D:6)
  4 howler monkeys
  3 hounds
  2 gnoll boudas (D:9)
  6 orc priests
  A sleepcap (D:5)
  Ijyb (D:3)
  Natasha (twice) (D:3)
  2 iguanas
  7 orc wizards
  7 hell rats (Lair:2)
  20 gnolls
  3 adders
  A shadow imp (D:6)
  2 white imps
  An ufetubus (D:5)
  A worm (D:2)
  3 dart slugs
  43 orcs
  8 bats
  6 endoplasms
  2 giant cockroaches (D:1)
  12 goblins
  9 hobgoblins
  39 kobolds
  3 quokkas
  8 ball pythons
  5 frilled lizards
  7 rats
359 creatures vanquished.

Vanquished Creatures (collateral kills)
  4 slime creatures (D:13)
4 creatures vanquished.

Vanquished Creatures (others)
  A floating eye (shapeshifter) (D:8)
1 creature vanquished.

Grand Total: 364 creatures vanquished

Notes
Turn   | Place    | Note
-------+----------+-------------------------------------------
     0 | D:1      | Ijustatesigmund the Octopode Venom Mage began the quest for
                  | the Orb.
     0 | D:1      | Reached XP level 1. HP: 11/11 MP: 3/3
   234 | D:1      | Reached XP level 2. HP: 18/18 MP: 5/5
   237 | D:1      | Learned a level 2 spell: Poisonous Vapours
   388 | D:1      | Reached skill level 1 in Fighting
   739 | D:1      | Reached XP level 3. HP: 21/23 MP: 6/6
   743 | D:1      | Learned a level 3 spell: Mephitic Cloud
   960 | D:1      | Reached skill level 1 in Air Magic
  1460 | D:2      | Identified the +7 sling "Qeewnoy" {freeze, Int+3}
  1495 | D:2      | Reached XP level 4. HP: 28/28 MP: 7/7
  1559 | D:2      | Reached skill level 1 in Conjurations
  1779 | D:3      | Noticed Natasha
  1814 | D:3      | Killed Natasha
  2040 | D:3      | Noticed Natasha
  2050 | D:3      | Killed Natasha
  2051 | D:3      | Reached XP level 5. HP: 14/33 MP: 3/9
  2071 | D:3      | Noticed Ijyb
  2073 | D:3      | Noticed Pargi
  2173 | D:3      | Killed Ijyb
  2174 | D:3      | Reached skill level 3 in Spellcasting
  2247 | D:3      | Found a sparkling altar of Nemelex Xobeh.
  2251 | D:3      | Killed Pargi
  2252 | D:3      | Reached skill level 5 in Poison Magic
  2252 | D:3      | Reached XP level 6. HP: 38/38 MP: 6/10
  2446 | D:3      | Found a faded altar of an unknown god.
  2699 | D:4      | Found a staircase to the Ecumenical Temple.
  2712 | Temple   | Entered the Ecumenical Temple
  2785 | Temple   | Became a worshipper of Vehumet
  3396 | D:5      | Entered Level 5 of the Dungeon
  3402 | D:5      | Noticed an ice beast
  3424 | D:5      | Reached skill level 1 in Ranged Weapons
  3702 | D:5      | Reached XP level 7. HP: 36/43 MP: 12/12
  4141 | D:4      | Learned a level 4 spell: Olgreb's Toxic Radiance
  4201 | D:5      | Reached * piety under Vehumet
  4201 | D:5      | Offered knowledge of Shock by Vehumet.
  4202 | D:5      | Reached skill level 4 in Spellcasting
  4346 | D:5      | Found a blossoming altar of Fedhas.
  4353 | D:5      | Found a shimmering blue altar of Sif Muna.
  4357 | D:5      | Found a burning altar of Makhleb.
  4359 | D:5      | Found a broken altar of Ashenzari.
  4359 | D:5      | Found an iron altar of Okawaru.
  4360 | D:5      | Found a shadowy altar of Dithmenos.
  4361 | D:5      | Found a basalt altar of Yredelemnul.
  4362 | D:5      | Found a glowing silver altar of Zin.
  4364 | D:5      | Found a hide-covered altar of Uskayaw.
  4447 | D:6      | Found a transporter.
  4609 | D:6      | Found a transporter.
  4638 | D:6      | Reached XP level 8. HP: 48/48 MP: 14/14
  4742 | D:6      | Reached skill level 1 in Shields
  5066 | D:7      | Noticed a hornet
  5072 | D:7      | Paralysed by a hornet for 3 turns
  5078 | D:7      | Killed a hornet
  5079 | D:7      | Reached skill level 5 in Spellcasting
  5090 | D:7      | Reached XP level 9. HP: 25/53 MP: 9/16
  5098 | D:7      | Found a flagged portal.
  5107 | Bailey   | Entered a bailey
  5286 | Bailey   | Reached ** piety under Vehumet
  5287 | Bailey   | Offered knowledge of Freeze by Vehumet.
  5321 | Bailey   | Identified the ring of the Meadowlark {Wiz rElec Stlth+}
  5380 | Bailey   | Reached skill level 5 in Air Magic
  5385 | Bailey   | Reached skill level 5 in Conjurations
  5887 | D:7      | Noticed a cyclops
  5894 | D:7      | Killed a cyclops
  6114 | D:7      | Offered knowledge of Static Discharge by Vehumet.
  6436 | D:7      | Noticed a brown ugly thing
  6441 | D:7      | Noticed a manticore
  6591 | D:7      | Learned a level 3 spell: Stone Arrow
  6636 | D:8      | Reached skill level 6 in Spellcasting
  6965 | D:7      | Killed a manticore
  6966 | D:7      | Reached XP level 10. HP: 61/61 MP: 14/19
  6993 | D:7      | Noticed a manticore
  7001 | D:7      | Killed a manticore
  7093 | D:7      | Learned a level 2 spell: Passwall
  7169 | D:7      | Killed a brown ugly thing
  7434 | D:8      | Identified the +9 dagger "Ijeboon" {elec, Stlth+}
  7507 | D:8      | Reached skill level 7 in Spellcasting
  7542 | D:8      | Noticed a two-headed ogre
  7542 | D:8      | Noticed a catoblepas
  7542 | D:8      | Noticed a cyclops
  7542 | D:8      | Noticed a boulder beetle
  7564 | D:8      | Noticed a kobold demonologist
  7564 | D:8      | Noticed a centaur warrior
  7564 | D:8      | Noticed a white ugly thing
  7564 | D:8      | Noticed a cyclops
  7564 | D:8      | Noticed a death knight
  7567 | D:8      | Reached skill level 1 in Evocations
  7567 | D:8      | Reached *** piety under Vehumet
  8622 | D:9      | Found an ancient bone altar of Kikubaaqudgha.
  8625 | D:9      | Found a glowing golden altar of the Shining One.
  8638 | D:9      | Noticed Joseph
  8646 | D:9      | Killed Joseph
  8926 | D:9      | Offered knowledge of Airstrike by Vehumet.
  9119 | D:9      | Found a staircase to the Lair.
  9132 | D:9      | Reached skill level 5 in Fighting
  9214 | D:9      | Reached XP level 11. HP: 72/72 MP: 11/22
  9216 | D:9      | Reached skill level 5 in Earth Magic
  9735 | D:10     | Entered Level 10 of the Dungeon
  9820 | D:10     | Reached **** piety under Vehumet
  9838 | D:10     | Offered knowledge of Volatile Blastmotes by Vehumet.
  9843 | D:10     | Noticed an orc knight
  9857 | D:10     | Killed an orc knight
  9858 | D:10     | Reached skill level 8 in Spellcasting
  9985 | D:10     | Found a staircase to the Orcish Mines.
 10506 | D:10     | Found Gisuuf's Book Shop.
 11075 | D:11     | Noticed a two-headed ogre
 11086 | D:11     | Killed a two-headed ogre
 11087 | D:11     | Reached skill level 5 in Evocations
 12327 | D:11     | Found a portal to a secret trove of treasure.
 12890 | D:12     | Noticed a boulder beetle
 12901 | D:12     | Killed a boulder beetle
 12976 | D:12     | Reached skill level 9 in Spellcasting
 13187 | D:12     | Noticed Nessos
 13196 | D:12     | Noticed a two-headed ogre
 13202 | D:12     | Killed Nessos
 13203 | D:12     | Reached XP level 12. HP: 36/77 MP: 16/25
 13207 | D:12     | Killed a two-headed ogre
 13755 | D:12     | Upgraded the game from 0.31-a0-234-gad7ace16ef to
                  | 0.31-a0-237-g2d982f9f85
 13758 | D:12     | Noticed Psyche
 13763 | D:12     | Noticed Erolcha
 13764 | D:12     | Noticed a boulder beetle
 13767 | D:12     | Killed Psyche
 13770 | D:12     | Killed Erolcha
 13799 | D:12     | Killed a boulder beetle
 13800 | D:12     | Reached skill level 10 in Spellcasting
 14452 | D:13     | Reached skill level 10 in Poison Magic
 14459 | D:13     | Learned a level 5 spell: Fireball
 14478 | D:13     | Reached skill level 1 in Fire Magic
 14521 | D:13     | Found Opec's Weapon Shop.
 14672 | D:13     | Noticed a catoblepas
 14684 | D:13     | Killed a catoblepas
 15636 | D:14     | Noticed a two-headed ogre
 15637 | D:14     | Noticed Urug
 15639 | D:14     | Reached ***** piety under Vehumet
 15639 | D:14     | Offered knowledge of Sticky Flame by Vehumet.
 15640 | D:14     | Noticed a centaur warrior
 15648 | D:14     | Killed a centaur warrior
 15662 | D:14     | Killed Urug
 15663 | D:14     | Reached XP level 13. HP: 57/86 MP: 5/27
 15781 | D:14     | Reached skill level 11 in Spellcasting
 16115 | Lair:1   | Entered Level 1 of the Lair of Beasts
 16172 | Lair:1   | Reached skill level 5 in Fire Magic
 16711 | Lair:1   | Identified a scroll of acquirement
 16711 | Lair:1   | Acquired the +3 kite shield of Honesty {Int+2}
 17405 | Lair:2   | Noticed Fannar
 17416 | Lair:2   | Killed Fannar
 17783 | Lair:2   | Acquired a ring of wizardry
 17927 | Lair:2   | HP: 1/88 [seven-headed hydra (5)]
 17927 | Lair:2   | Mangled by a seven-headed hydra

Illustrated notes

Levels and vault maps discovered:
D:1:      nicolae_arrival_somewhat_less_tricky_arrival, layout_loops_corners,
          minmay_distorted
D:2:      layout_rooms, nicolae_elevator_lobby_plus
D:3:      layout_loops_ring, mainiacjoe_overflow_concentric_impassable,
          hellmonk_ecumenical_altar_slurped_away, uniq_pargi, uniq_natasha,
          uniq_ijyb
D:4:      layout_loops_ring, minmay_temple_entry_sparse_star
D:5:      layout_loops_cross, minitemple
D:6:      gammafunk_steamed_eel, layout_cave_pools
D:7:      minmay_chambers_of_sixes, layout_loops_ring, enter_bailey_5,
          skrybe_limestone_x
D:8:      layout_basic, minmay_door_square, grunt_decor_one_mirror,
          st_stairs_10, minivault_12
D:9:      layout_big_octagon, mainiacjoe_overflow_catwalk_spiral,
          lair_entry_dummy, uniq_joseph
D:10:     layout_loops_ring, david_orc_5, serial_shops, shop
D:11:     layout_loops_corners, enter_trove_6
D:12:     layout_grid_maze, uniq_psyche, uniq_nessos, uniq_erolcha
D:13:     layout_cave_pools, serial_shops, nicolae_shop_window_shopping
D:14:     layout_long_grid, david_vaults_3, serial_bayou_pond_d,
          grunt_decor_fettered, uniq_agnes
Temple:   cyrus_temple_forest
Lair:1:   layout_long_grid, grunt_megastairs_1
Lair:2:   layout_cave_shapes, palyth_hydra_swamp_entry,
          chequers_serial_rivers_marsh, uniq_fannar

Skill      XL: |  1  2  3  4  5  6  7  8  9 10 11 12 13 |
---------------+----------------------------------------+-----
Fighting       | 1 2 5 7 |  7.8
Poison Magic   | 4 5 6 7 8 9 10 | 10.0
Air Magic      | 1 2 3 4 5 7 |  7.6
Conjurations   | 1 2 3 4 5 |  5.8
Spellcasting   | 3 4 5 6 7 9 10 11 | 11.4
Ranged Weapons | 1 2 |  2.4
Shields        | 2 4 |  4.9
Earth Magic    | 2 4 5 |  5.2
Evocations     | 3 5 6 |  6.0
Dodging        | 4 |  4.7
Fire Magic     | 4 5 |  5.8
Stealth        | |  2.6
Transmutations | |  1.0

Action                     |  1- 3 |  4- 6 |  7- 9 | 10-12 | 13-15 || total
---------------------------+-------+-------+-------+-------+-------++-------
  Melee: Short sword       |    39 |       |       |       |       ||    39
         Tentacles         |    14 |       |       |       |       ||    14
         Constrict         |    13 |       |       |       |       ||    13
         Unarmed           |     1 |     2 |       |       |       ||     3
         Hand axe          |    10 |       |       |       |       ||    10
   Fire: Sling             |     1 |   103 |   171 |   315 |    73 ||   663
   Cast: Sting             |     7 |     1 |     3 |     1 |       ||    12
         Poisonous Vapours |    11 |     2 |       |     8 |       ||    21
         Mephitic Cloud    |       |     3 |     5 |    14 |       ||    22
         Olgreb's Toxic Ra |       |       |    15 |    64 |    17 ||    96
         Stone Arrow       |       |       |       |    38 |    16 ||    54
         Fireball          |       |       |       |    12 |     4 ||    16
         Passwall          |       |       |       |     2 |       ||     2
  Evoke: Wand              |     2 |       |     1 |    14 |     2 ||    19
    Use: Scroll            |     4 |     7 |     4 |    13 |     4 ||    32
         Potion            |     1 |       |       |     6 |     2 ||     9
   Stab: Sleeping          |     5 |       |       |       |       ||     5
 Armour: Skin              |     3 |     1 |     3 |    11 |    10 ||    28
  Dodge: Dodged            |    38 |     6 |    56 |   151 |    45 ||   296
  Block: Buckler           |       |       |       |    52 |    13 ||    65
         Kite shield       |       |       |       |       |    26 ||    26

Table legend: (Time is in decaauts)
 A = Elapsed time spent in this place.
 B = Non-inter-level travel time spent in this place.
 C = Inter-level travel time spent in this place.
 D = Time resting spent in this place.
 E = Time spent auto-exploring this place.
 F = Levels seen in this place.
 G = Mean time per level.
                   A        B        C        D        E       F      G
               +--------+--------+--------+--------+--------+-----+--------+
         Total |  18182 |  17362 |    820 |   6009 |   8826 |  18 | 1010.1 |
       Dungeon |  15653 |  14945 |    708 |   5283 |   7592 |  14 | 1118.1 |
        Temple |    104 |     76 |     28 |      0 |     48 |   1 |  104.0 |
          Lair |   1840 |   1757 |     83 |    449 |   1083 |   2 |  920.0 |
        Bailey |    584 |    584 |      0 |    277 |    103 |   1 |  584.0 |
               +--------+--------+--------+--------+--------+-----+--------+

Top non-repeatable levels by time:
    D:11: 1904 daAuts
     D:7: 1671 daAuts
    D:13: 1646 daAuts
    D:12: 1507 daAuts
     D:8: 1459 daAuts
  Lair:1: 1440 daAuts
     D:9: 1228 daAuts
     D:1: 1202 daAuts
    D:10: 1123 daAuts
     D:5: 1036 daAuts
     D:3: 918 daAuts
     D:4: 640 daAuts
     D:6: 637 daAuts
     D:2: 610 daAuts
  Bailey: 584 daAuts
